 Dungeon Crawl Stone Soup version 0.31.0 (webtiles) character file.

Game seed: 3633465353531374751

2 Arctor the Vexing (level 1, 0/12 HPs)
             Began as a Kobold Hexslinger on Jan 19, 2024.
             Slain by a quokka (3 damage)
             ... on level 1 of the Dungeon.
             The game lasted 00:00:07 (90 turns).

Arctor the Vexing (Kobold Hexslinger)                 Turns: 90, Time: 00:00:08

Health: 0/12       AC:  2    Str:  5    XL:     1   Next: 33%
Magic:  2/2        EV: 15    Int: 14    God:
Gold:   7          SH:  0    Dex: 17    Spells: 2/2 levels left

rFire   . . .        a - +1 sling
rCold   . . .        (no shield)
rNeg    . . .        c - +0 robe
rPois   .            (no helmet)
rElec   .            (no cloak)
rCorr   .            (no gloves)
SInv    .            (no boots)
Will    .....        (no amulet)
Stlth   +++          (no ring)
HPRegen 0.22/turn    (no ring)
MPRegen 0.08/turn

%: no passive effects
@: no status effects
A: small, no large weapons, nightstalker 3
a: no special abilities


You were on level 1 of the Dungeon.
You visited 1 branch of the dungeon, and saw 1 of its levels.

You collected 7 gold pieces.

Inventory:

Hand Weapons
 a - a +1 sling (weapon)
Armour
 c - a +0 robe (worn)
Scrolls
 b - a scroll of poison
Potions
 d - 2 potions of experience {unknown}


   Skills:
 + Level 1.1 Fighting
 + Level 2.7 Ranged Weapons
 + Level 2.4 Dodging
 + Level 1.1 Spellcasting
 + Level 3.0 Hexes
 + Level 1.0 Fire Magic


You had 2 spell levels left.
You didn't know any spells.
Your spell library contained the following spells:

 Spells                   Type           Power      Damage    Failure   Level
 Jinxbite                 Hex            18%        N/A       12%         2
 Sigil of Binding         Hex            9%         N/A       22%         3
 Inner Flame              Hex/Fire       6%         N/A       34%         3
 Cause Fear               Hex            4%         N/A       58%         4
 Dimensional Bullseye     Hex/Tloc       2%         N/A       80%         4


Dungeon Overview and Level Annotations

Branches:
Dungeon (1/15)

Altars:


Innate Abilities, Weirdness & Mutations

You are small and have problems with some larger weapons.
You are completely attuned to the shadows.


Message History

The sling bullet completely misses the hobgoblin.
The hobgoblin misses you.
There are monsters nearby!
You shoot a sling bullet. The sling bullet hits the hobgoblin.
The hobgoblin is severely wounded.
The hobgoblin closely misses you. The quokka closely misses you.
The hobgoblin barely misses you.
There are monsters nearby!
You shoot a sling bullet.
The sling bullet closely misses the hobgoblin.
The quokka misses you.
The quokka twitches its whiskers.
The quokka misses you. The hobgoblin barely misses you.
You shoot a sling bullet.
The sling bullet barely misses the hobgoblin.
The quokka bites you. The hobgoblin closely misses you. The quokka bites you.
You are too injured to fight recklessly!
You are too injured to fight recklessly!
There are monsters nearby!
The hobgoblin attacks as it pursues you!
The hobgoblin hits you.
* * * LOW HITPOINT WARNING * * *
You shoot a sling bullet. The sling bullet hits the hobgoblin!
You kill the hobgoblin!
The quokka misses you.
You shoot a sling bullet. The sling bullet hits the quokka.
The quokka is moderately wounded.
The quokka bites you but does no damage.
You shoot a sling bullet.
The sling bullet barely misses the quokka.
The sling bullet hits the bat.
The bat is moderately wounded.
The quokka closely misses you.
You shoot a sling bullet.
The sling bullet closely misses the quokka.
The sling bullet hits the bat.
You kill the bat!
The quokka bites you but does no damage.
The quokka bites you.
You die...

#.#
###.###
#.....#
####.#.#.#
#......#.#
#.##.###.#
#.##.....#
#.########
#@# #r#
#†#
.........
####.###.
#.# ..#


You could see a quokka.

Vanquished Creatures
  A hobgoblin (D:1)
  A ball python (D:1)
  A bat (D:1)
3 creatures vanquished.

Notes
Turn   | Place    | Note
-------+----------+-------------------------------------------
     0 | D:1      | Arctor the Kobold Hexslinger began the quest for the Orb.
     0 | D:1      | Reached XP level 1. HP: 12/12 MP: 2/2
    90 | D:1      | Slain by a quokka

Illustrated notes

Levels and vault maps discovered:
D:1:      doesnt_arrival_eight_statues, layout_loops_ring, serial_forest,
          infiniplex_forest_straight_4, infiniplex_forest_3_way,
          infiniplex_forest_lined_3, infiniplex_forest_lined_2,
          infiniplex_forest_zigzag_1, infiniplex_forest_clump_medium,
          nicolae_shop_vocational

Action                     || total
---------------------------++-------
   Fire: Sling             ||    13
 Armour: Robe              ||     7
  Dodge: Dodged            ||    12
